 Dungeon Crawl Stone Soup version 0.19-a0-594-g235f30c (webtiles) character file.

13727 Delvonshi the Covert (level 12, -10/71 (72) HPs)
             Began as a Kobold Artificer on June 10, 2016.
             Was the Champion of Pakellas.
             Mangled by a shadow (27 damage)
             ... on level 11 of the Dungeon.
             The game lasted 01:01:34 (20100 turns).

Delvonshi the Covert (Kobold Artificer)            Turns: 20100, Time: 01:01:35

HP:   -10/71 (72)   AC: 12    Str: 13    XL:     12   Next: 36%
MP:   16/20         EV: 22    Int:  9    God:    Pakellas [******]
Gold: 404           SH:  0    Dex: 19    Spells: 0 memorised, 11 levels left

rFire  . . .     SeeInvis .     B - +0 scimitar (flame)
rCold  + . .     Gourm    .     G - +1 ring mail {rC+}
rNeg   . . .     Faith    +     (shield restricted)
rPois  +         Spirit   .     (no helmet)
rElec  .         Dismiss  .     l - +1 cloak
rCorr  .         Reflect  .     T - +0 pair of gloves
SustAt .         Harm     .     E - +0 pair of boots
MR     .....                    s - amulet of faith
Stlth  +++.......               k - ring of poison resistance
                                o - +2 ring of protection

@: not resistant to hostile enchantments, fairly stealthy
A: carnivore 3
a: Quick Charge, Device Surge, Supercharge, Renounce Religion


You were on level 11 of the Dungeon.
You worshipped Pakellas.
Pakellas was exalted by your worship.
You were very full.

You visited 2 branches of the dungeon, and saw 12 of its levels.

You collected 536 gold pieces.
You spent 132 gold pieces at shops.

Inventory:

Hand Weapons
 a - a +0 short sword
 g - a +0 rapier
 v - a +0 short sword of speed
 B - a +0 scimitar of flaming (weapon)
 H - a +4 scimitar
 P - a +0 blowgun
 Q - a +2 dagger of venom
Missiles
 N - 2 throwing nets (quivered)
 R - 9 curare-tipped needles
Armour
 l - a +1 cloak (worn)
 E - a +0 pair of boots (worn)
 G - a +1 ring mail of cold resistance (worn)
 T - a +0 pair of gloves (worn)
Rods
 M - a +5 rod of inaccuracy (9/9)
   (Pakellas gifted it to you on level 9 of the Dungeon)
Jewellery
 j - an uncursed ring of resist corrosion
 k - a ring of poison resistance (right hand)
 o - a +2 ring of protection (left hand)
 s - an amulet of faith (around neck)
 x - an uncursed ring of positive energy
 K - an uncursed ring of protection from fire
Wands
 b - a wand of acid (0/15)
 d - a wand of enslavement (0/24)
 h - a wand of flame (5/48)
 n - a wand of slowing (15/48)
 y - a wand of iceblast (5/15)
 A - a wand of slowing (31/48)
 J - a wand of paralysis (14/24)
Scrolls
 r - 6 scrolls of identify
 u - 3 scrolls of enchant armour
 U - 2 scrolls of teleportation
 V - a scroll of immolation
Potions
 m - 2 potions of flight
 q - 5 potions of curing
 t - a potion of might
 w - a potion of berserk rage {unknown}
 z - 2 potions of degeneration {unknown}
 D - 3 potions of brilliance {unknown}
 I - 3 potions of agility
 O - a potion of magic
Books
 c - a book of Necromancy

   Spells                             Type                      Level
   a - Pain                           Necromancy                   1
   b - Animate Skeleton               Necromancy                   1
   c - Vampiric Draining              Necromancy                   3
   d - Regeneration                   Charms/Necromancy            3
   e - Animate Dead                   Necromancy                   4
   f - Control Undead                 Necromancy                   4
 i - a book of Party Tricks

   Spells                             Type                      Level
   a - Summon Butterflies             Summoning                    1
   b - Apportation                    Translocation                1
   c - Tukima's Dance                 Hexes                        3
   d - Alistair's Intoxication        Transmutation/Poison         5
   e - Invisibility                   Hexes                        6
 p - a book of Conjurations

   Spells                             Type                      Level
   a - Magic Dart                     Conjuration                  1
   b - Searing Ray                    Conjuration                  2
   c - Dazzling Spray                 Conjuration/Hexes            3
   d - Fulminant Prism                Conjuration/Hexes            4
   e - Iskenderun's Mystic Blast      Conjuration                  4
   f - Iskenderun's Battlesphere      Conjuration/Charms           5
Miscellaneous
 C - a phial of floods (inert)
Comestibles
 f - 8 meat rations
 F - 2 royal jellies
 L - 2 beef jerkies


   Skills:
 + Level 7.2 Fighting
 - Level 9.8 Short Blades
 + Level 11.5 Dodging
 + Level 13.2 Stealth
 + Level 11.6 Evocations


You had 11 spell levels left.
You didn't know any spells.

Dungeon Overview and Level Annotations

Branches:
Dungeon (11/15)            Temple (1/1) D:4             Orc (0/2) D:11
   Lair: D:8-11

Altars:
Ashenzari
Cheibriados
Dithmenos
Elyvilon
Fedhas
Gozag
Hepliaklqana
Kikubaaqudgha
Makhleb
Nemelex Xobeh
Okawaru
Pakellas
Qazlal
Ru
Sif Muna
Trog
Uskayaw
Vehumet
Xom
Yredelemnul
Zin
The Shining One
Beogh

Shops:
D:5 [   D:7 }}}[*   D:10 :

Annotations:
D:3 Grinder


Innate Abilities, Weirdness & Mutations

You are small and have problems with some larger weapons.
You are carnivorous and can eat meat at any time.


Message History

The flood of elemental water hits the shadow.
The shadow is lightly damaged.
The wave splashes down.
Splash!
You fall into the shallow water.
Moving in this stuff is going to be slow.
The water rises up and takes form.
You hear a shout!
You hear a horrible gurgling sound!
You hear a shout! x4
The shadow completely misses you.
The bat barely misses your water elemental.
The shadow slips into darkness.
The shadow flickers and vanishes!
Deactivating autopickup; reactivate with Ctrl-A.
Your water elemental hits the wyvern skeleton!!
Your water elemental hits the hobgoblin zombie!
The hobgoblin zombie is destroyed!
Pakellas accepts your kill.
The shadow strikes at you from the darkness!
You die...
Pakellas says: Time to start the next experiment...

Z.......# #.#
....... #########
#.# #....Z...r ..#
......(.. ###
......... ...8.Z. .
#...# . #####..### .
#######E.......####.
#..@†Z{≈E>b.........
#.########......<...
# #...t†.....
#....Z.....
#..........
....#######. ###..#
. #.## . #.# .


You could see a bat, a wyvern skeleton and 2 friendly water elementals.

Vanquished Creatures
  Erica (D:8)
  Sonja (D:10)
  An unseen horror (D:10)
  2 hill giants
  An ugly thing (D:9)
  A centaur zombie (D:11)
  Maurice (D:8)
  Psyche (D:8)
  A troll (D:10)
  Grum (D:8)
  Prince Ribbit (D:5)
  2 two-headed ogres (D:10)
  A spriggan (D:9)
  A steam dragon (D:11)
  2 hungry ghosts
  3 hippogriffs
  9 yaks
  Edmund (D:6)
  Menkaure (D:5)
  A soldier ant (D:10)
  A water moccasin (D:10)
  2 sky beasts
  6 ogres
  3 ice beasts
  8 orc warriors
  2 phantoms
  3 black bears
  A wasp (D:10)
  3 necrophages
  3 centaurs
  A crocodile (D:11)
  3 wolves (D:8)
  A big kobold (D:9)
  10 giant frogs
  5 scorpions
  A water moccasin skeleton (D:7)
  5 killer bees (D:9)
  5 wights (D:7)
  An electric eel (D:8)
  A howler monkey (D:9)
  6 crimson imps
  A quasit (D:11)
  7 hounds
  4 jellies
  6 orc priests
  9 orc wizards
  A gnoll shaman (D:9)
  An iguana (D:6)
  Terence (D:3)
  7 worker ants
  2 ogre zombies (D:11)
  2 hound skeletons (D:8)
  2 worker ant zombies
  A gnoll (D:1)
  5 adders
  A howler monkey skeleton (D:4)
  A river rat (D:3)
  3 shadow imps
  3 adder skeletons
  3 worms
  3 dart slugs
  5 giant geckos
  46 orcs
  7 giant cockroaches
  6 goblins
  8 hobgoblins
  12 jackals
  11 kobolds
  7 quokkas
  A ball python (D:2)
  11 bats
  7 giant newts
  2 hobgoblin zombies (D:11)
  3 orc skeletons (D:11)
  8 orc zombies (D:11)
  2 quokka zombies (D:6)
  11 rats
314 creatures vanquished.

Vanquished Creatures (collateral kills)
  A phantom (D:8)
  3 gnolls (D:9)
  An adder (D:4)
  A worm (D:2)
  3 orcs
  A giant cockroach (D:3)
  A kobold (D:9)
  A hobgoblin zombie (D:11)
12 creatures vanquished.

Vanquished Creatures (others)
  A wolf (D:8)
  12 fungi (D:11)
  5 plants (D:11)
18 creatures vanquished.

Grand Total: 344 creatures vanquished

Notes
Turn   | Place    | Note
--------------------------------------------------------------
     0 | D:1      | Delvonshi the Kobold Artificer began the quest for the Orb.
     0 | D:1      | Reached XP level 1. HP: 12/12 MP: 3/3
   258 | D:1      | Reached XP level 2. HP: 16/16 MP: 4/4
   480 | D:1      | Reached XP level 3. HP: 20/21 MP: 5/5
  1255 | D:2      | Reached XP level 4. HP: 20/26 MP: 7/7
  1273 | D:2      | Found a faded altar of an unknown god.
  1315 | D:2      | Reached skill level 2 in Stealth
  1744 | D:3      | Noticed Terence
  1757 | D:3      | Killed Terence
  1757 | D:3      | Reached XP level 5. HP: 10/31 MP: 8/8
  3226 | D:3      | Noticed Grinder
  3229 | D:3      | Noticed Grinder
  3229 | D:3      | Grinder changed into Grinder the quasit
  3293 | D:3      | Reached skill level 3 in Stealth
  3647 | D:4      | Found a staircase to the Ecumenical Temple.
  3661 | Temple   | Entered the Ecumenical Temple
  3765 | D:4      | Reached XP level 6. HP: 31/36 MP: 9/9
  4561 | D:4      | Found an oddly glowing altar of Pakellas.
  4585 | D:4      | Became a worshipper of Pakellas the Inventive
  4714 | D:4      | Reached skill level 4 in Stealth
  4714 | D:4      | Reached skill level 5 in Evocations
  5108 | D:4      | Reached XP level 7. HP: 21/41 MP: 10/10
  5701 | D:4      | HP: 2/41 [poisoned by a worker ant]
  5709 | D:4      | HP: 1/41 [poisoned by a worker ant]
  5783 | D:5      | Entered Level 5 of the Dungeon
  6775 | D:6      | Noticed Edmund
  6796 | D:5      | Found a radiant altar of Vehumet.
  7336 | D:5      | Noticed Menkaure
  7343 | D:5      | Killed Menkaure
  7343 | D:5      | Reached skill level 5 in Dodging
  7343 | D:5      | Reached skill level 5 in Stealth
  7423 | D:5      | Found Qicwaheo's Armour Boutique.
  7438 | D:5      | Noticed Prince Ribbit
  7727 | D:5      | Reached skill level 5 in Short Blades
  7727 | D:5      | Reached XP level 8. HP: 46/46 MP: 12/12
  8054 | D:5      | Killed Prince Ribbit
  8054 | D:5      | Reached skill level 6 in Stealth
  8172 | D:5      | Reached * piety under Pakellas
  8172 | D:5      | Received a gift from Pakellas
  8373 | D:5      | Found a shimmering altar of Xom.
  8374 | D:5      | Found a burning altar of Makhleb.
  8632 | D:6      | Reached skill level 7 in Stealth
  8803 | D:6      | Killed Edmund
  8803 | D:6      | Reached XP level 9. HP: 40/51 MP: 12/14
  8948 | D:6      | Found a hide-covered altar of Uskayaw.
  9318 | D:7      | Found Kyupaf's Antique Armour Shop.
  9340 | D:7      | Reached skill level 8 in Stealth
  9345 | D:7      | Bought a glowing ring mail for 132 gold pieces
  9642 | D:7      | Found Hegesol's General Store.
  9752 | D:7      | Found Jaumioz's Gadget Emporium.
 10858 | D:7      | Found Tuef's Gadget Shop.
 10976 | D:7      | Found Ureorauk's Gadget Shop.
 11726 | D:7      | Reached ** piety under Pakellas
 11726 | D:7      | Received a gift from Pakellas
 11726 | D:7      | Reached skill level 9 in Stealth
 11847 | D:8      | Reached XP level 10. HP: 52/56 MP: 3/16
 12682 | D:8      | Reached *** piety under Pakellas
 12682 | D:8      | Received a gift from Pakellas
 12687 | D:8      | Reached skill level 10 in Stealth
 12724 | D:8      | Found a shattered altar of Ashenzari.
 12724 | D:8      | Found a white marble altar of Elyvilon.
 13141 | D:8      | Noticed Grum
 13152 | D:8      | Killed Grum
 13460 | D:8      | Noticed Maurice
 13483 | D:8      | Killed Maurice
 13554 | D:8      | Noticed Erica
 13574 | D:8      | Killed Erica
 13913 | D:8      | Noticed Psyche
 13926 | D:8      | Killed Psyche
 14343 | D:8      | Reached XP level 11. HP: 60/60 MP: 2/18
 14490 | D:9      | Reached skill level 11 in Stealth
 14899 | D:9      | Found an opulent altar of Gozag.
 15461 | D:9      | Reached **** piety under Pakellas
 15461 | D:9      | Received a gift from Pakellas
 15529 | D:9      | Reached skill level 10 in Evocations
 15549 | D:9      | Reached skill level 10 in Dodging
 15794 | D:9      | Found a roughly hewn altar of Beogh.
 15850 | D:9      | Reached ***** piety under Pakellas
 15850 | D:9      | Received a gift from Pakellas
 15866 | D:9      | Identified a +5 rod of inaccuracy (9/9) (Pakellas gifted it to you on level 9 of the Dungeon)
 16422 | D:9      | Reached skill level 5 in Fighting
 16799 | D:9      | Reached skill level 12 in Stealth
 16834 | D:9      | Noticed a red ugly thing
 16840 | D:9      | Killed a red ugly thing
 17005 | D:9      | Found an ancient bone altar of Kikubaaqudgha.
 17006 | D:9      | Found a shadowy altar of Dithmenos.
 17008 | D:9      | Found a glowing golden altar of the Shining One.
 17334 | D:10     | Entered Level 10 of the Dungeon
 17370 | D:10     | Noticed Sonja
 17374 | D:10     | Killed Sonja
 17401 | D:10     | Killed an unseen horror
 17724 | D:10     | Found Obla's Book Boutique.
 17778 | D:10     | Found an oddly glowing altar of Pakellas.
 18085 | D:10     | Noticed a hill giant
 18089 | D:10     | Killed a hill giant
 18089 | D:10     | Reached XP level 12. HP: 70/70 MP: 16/20
 18788 | D:11     | Found a staircase to the Orcish Mines.
 18945 | D:11     | Reached ****** piety under Pakellas
 19031 | D:11     | Reached skill level 13 in Stealth
 19861 | D:11     | Noticed a centaur warrior
 20100 | D:11     | Mangled by a shadow

Vault maps used:
D:1:      minmay_arrival_four_houses
D:2:      ecumenical_altar_1, first_bread
D:3:      uniq_terence, uniq_grinder
D:4:      grunt_pakellas_basics, minmay_temple_entry_butterflies, serial_curves,
          eino_curves_03, eino_curves_03
D:5:      grunt_temple_overflow_champion_of_chaos, overflow_temple_1_default,
          serial_shops, nicolae_shop_waterfront, uniq_prince_ribbit1,
          uniq_menkaure
D:6:      basic_altar, uniq_edmund
D:7:      serial_shops, shop, nicolae_shop_crystal, shop, nicolae_shop_stone,
          shop
D:8:      black_bear_nest_2, gammafunk_temple_overflow_elements, uniq_grum,
          uniq_psyche, uniq_erica, uniq_maurice
D:9:      minitemple, overflow_temple_1_default, the_bakery
D:10:     basic_altar, serial_shops, kennysheep_little_box, uniq_sonja
D:11:     grunt_lair_entry_orc_guard_hut, zombieorc2_lemuel, serial_shops, shop,
          minivault_28
Temple:   triangle_lava_temple_12

Skill      XL: |  1  2  3  4  5  6  7  8  9 10 11 12 |
---------------+-------------------------------------+-----
Short Blades   | 2 3 4 5 6 8 9 |  9.8
Dodging        | 3 4 5 6 7 9 11 | 11.5
Fighting       | 2 3 6 7 |  7.2
Evocations     | 4 5 6 8 9 11 | 11.6
Stealth        | 2 3 4 5 7 9 10 12 13 | 13.2

Action                   |  1- 3 |  4- 6 |  7- 9 | 10-12 || total
-------------------------+-------+-------+-------+-------++-------
Melee: Short sword       |   104 |   286 |   208 |       ||   598
       Dagger            |       |       |   259 |   250 ||   509
       Scimitar          |       |       |    27 |   582 ||   609
Invok: Quick Charge      |       |       |     2 |     6 ||     8
Evoke: Wand              |    11 |    48 |    30 |    50 ||   139
       Phantom mirror    |       |       |       |     1 ||     1
       Rod               |       |       |       |     6 ||     6
       Phial of floods   |       |       |       |     2 ||     2
  Use: Scroll            |     2 |     3 |     5 |     1 ||    11
       Potion            |       |       |     9 |     1 ||    10
 Stab: Sleeping          |     1 |       |     8 |    11 ||    20
       Distracted        |       |     1 |       |     5 ||     6
       Paralysed         |       |       |       |    22 ||    22
  Eat: Chunk             |     9 |     8 |    32 |    33 ||    82
       Beef jerky        |       |       |     1 |       ||     1
       Pizza             |       |       |       |     1 ||     1
Armor: Leather armour    |    25 |    36 |    28 |       ||    89
       Ring mail         |       |       |    26 |   196 ||   222
Dodge: Dodged            |    87 |   170 |   240 |   859 ||  1356
